 Dungeon Crawl Stone Soup version 0.18-a0-1542-g9c1a92e (console) character file.

160 Liam the Conjurer (level 5, -5/28 HPs)
             Began as a Deep Elf Conjurer on Mar 10, 2016.
             Slain by a scorpion (8 damage)
             ... on level 3 of the Dungeon.
             The game lasted 00:05:27 (2789 turns).

Liam the Conjurer (Deep Elf Conjurer)               Turns: 2789, Time: 00:05:28

Health: -5/28      AC:  2    Str:  5    XL:     5   Next: 17%
Magic:  0/14       EV: 13    Int: 21    God:
Gold:   140        SH:  0    Dex: 15    Spells: 3 memorised, 4 levels left

rFire  . . .     SeeInvis .     (no weapon)
rCold  . . .     Gourm    .     a - +0 robe
rNeg   . . .     Faith    .     (no shield)
rPois  .         Spirit   .     (no helmet)
rElec  .         Dismiss  .     (no cloak)
rCorr  +         Reflect  .     (no gloves)
SustAt .         Harm     .     (no boots)
MR     .....                    (no amulet)
Stlth  ++........               (no ring)
                                d - ring of resist corrosion

@: not resistant to hostile enchantments, unstealthy
A: no striking features
a: no special abilities


You were on level 3 of the Dungeon.
You were very hungry.

You visited 1 branch of the dungeon, and saw 4 of its levels.

You collected 140 gold pieces.

Inventory:

Armour
 a - a +0 robe (worn)
Jewellery
 d - a ring of resist corrosion (left hand)
Scrolls
 e - a scroll of enchant armour {unknown}
 f - a scroll of teleportation {unknown}
 i - 2 scrolls of random uselessness {unknown}
 j - a scroll of recharging {unknown}
 m - a scroll of remove curse {unknown}
 o - a scroll of identify {unknown}
 q - a scroll of fog {unknown}
Potions
 k - a potion of flight {unknown}
 l - 2 potions of curing {unknown}
 n - 2 potions of cancellation {unknown}
 p - a potion of ambrosia {unknown}
Books
 b - a book of Conjurations

   Spells                             Type                      Level
   a - Magic Dart                     Conjuration                  1
   b - Searing Ray                    Conjuration                  2
   c - Dazzling Spray                 Conjuration/Hexes            3
   d - Fulminant Prism                Conjuration/Hexes            4
   e - Iskenderun's Mystic Blast      Conjuration                  4
   f - Iskenderun's Battlesphere      Conjuration/Charms           5
Comestibles
 c - 3 bread rations
 g - 2 beef jerkies
 h - a meat ration
 r - a slice of pizza


   Skills:
 - Level 2.4 Dodging
 - Level 2.4 Stealth
 + Level 5.1 Spellcasting
 + Level 6.2 Conjurations
 + Level 0.0 Charms


You had 4 spell levels left.
You knew the following spells:

 Your Spells              Type           Power        Failure   Level  Hunger
a - Magic Dart            Conj           ####         1%          1    None
b - Iskenderun's Battles  Conj/Chrm      ###.....     87%         5    #####..
x - Iskenderun's Mystic   Conj           ####....     12%         4    ####...


Dungeon Overview and Level Annotations

Branches:
Dungeon (4/15)
 Temple: D:4-7

Altars:
Dithmenos
Gozag
Trog
The Shining One


Message History

You feel sick.
Casting: Iskenderun's Mystic Blast
Confirm with . or Enter, or press ? or * to list all spells.
Aiming: Magic Dart
Press: ? - help, Shift-Dir - straight line, f/p - scorpion
Aim: a scorpion (almost dead)
The magic dart hits the scorpion.
The scorpion is almost dead.
The scorpion misses you.
You feel sick.
You are no longer poisoned.
Casting: Magic Dart
Confirm with . or Enter, or press ? or * to list all spells.
Aiming: Magic Dart
Press: ? - help, Shift-Dir - straight line, f/p - scorpion
Aim: a scorpion (almost dead)
The magic dart hits the scorpion.
The scorpion is almost dead.
The scorpion stings you!
You die...

.#.#.##..# #.#..#####..##### ##
.........#####.#.## ##..# #.
.....###..##.....# ##...# #.
.#>..# ##....#.### ##...## ###.
.#.#.####..###.#####..#.# #...
...#.##....# #....<#.##.# #.##
...#....##.# ####....##.# ####.#
...###..##.### ##.#r###.# #....#
.......###...###@.#...#.# #....#
...........#...s.####.#.###...>#
#.#.#^...........###.....#.)...#
.....##.#..#####...#.....#)...##
...#.##.....######.#..........###
...#.###..#....###........#...##.
......).........####.[...####....
####..###.###........##...##.....
##....###.#####...##.............


You could see a scorpion.

Vanquished Creatures
  An orc priest (D:3)
  3 adders (D:2)
  2 oozes (D:2)
  4 worms (D:2)
  2 dart slugs
  3 giant geckos
  5 orcs (D:3)
  4 bats
  3 giant cockroaches
  5 goblins
  13 hobgoblins
  2 jackals (D:3)
  9 kobolds
  4 ball pythons
  9 rats
69 creatures vanquished.

Notes
Turn   | Place    | Note
--------------------------------------------------------------
     0 | D:1      | Liam the Deep Elf Conjurer began the quest for the Orb.
     0 | D:1      | Reached XP level 1. HP: 10/10 MP: 6/6
   204 | D:1      | Reached XP level 2. HP: 15/15 MP: 5/8
   380 | D:1      | Reached skill level 5 in Conjurations
   847 | D:2      | Reached XP level 3. HP: 16/19 MP: 2/9
  1335 | D:2      | Reached XP level 4. HP: 24/24 MP: 2/12
  1424 | D:2      | Learned a level 4 spell: Iskenderun's Mystic Blast
  2011 | D:3      | Found a bloodstained altar of Trog.
  2012 | D:3      | Found a shadowy altar of Dithmenos.
  2013 | D:3      | Found a glowing golden altar of the Shining One.
  2013 | D:3      | Found an opulent altar of Gozag.
  2037 | D:3      | Reached skill level 5 in Spellcasting
  2037 | D:3      | Reached skill level 6 in Conjurations
  2037 | D:3      | Reached XP level 5. HP: 5/28 MP: 0/14
  2501 | D:3      | Learned a level 5 spell: Iskenderun's Battlesphere
  2789 | D:3      | Slain by a scorpion

Vault maps used:
D:1:      zaba_arrival_water, serial_bayou, serial_bayou_pond_c,
          serial_bayou_shore_b, serial_bayou_ford_a, serial_bayou_pond_d,
          serial_bayou_lake_a
D:2:      first_bread, st_stairs_2
D:3:      grunt_temple_overflow_open, minivault_23
D:4:      grunt_decor_clamped, lemuel_blue_sif_altar

Skill      XL: |  1  2  3  4 |
---------------+-------------+-----
Conjurations   | 5 6 |  6.2
Spellcasting   | 4 5 |  5.1
Dodging        | |  2.4
Stealth        | |  2.4

Action                   |  1- 3 |  4- 6 || total
-------------------------+-------+-------++-------
Melee: Unarmed           |     1 |    16 ||    17
 Cast: Magic Dart        |    86 |    92 ||   178
       Iskenderun's Myst |       |     2 ||     2
  Use: Potion            |       |     1 ||     1
  Eat: Chunk             |     1 |     4 ||     5
